 Dungeon Crawl Stone Soup version 0.29.1-2-gbd0b4ee654 (webtiles) character file.

Game seed: 2492437229033456142

9692 Raikaria the Destroyer (level 11, 0/124 HPs)
             Began as a Gnoll Conjurer on Nov 10, 2022.
             Was an Initiate of Ru.
             Slain by an elephant (2 damage)
             ... on level 2 of the Lair of Beasts.
             The game lasted 00:51:53 (15418 turns).

Raikaria the Destroyer (Gnoll Conjurer)            Turns: 15418, Time: 00:51:53

Health: 0/124      AC: 32    Str: 13    XL:     11   Next: 50%
Magic:  8/23       EV:  2    Int: 19    God:    Ru [......]
Gold:   505        SH:  5    Dex:  9    Spells: 8/26 levels left

rFire   . . .      SeeInvis +   H - +5 trident (protect)
rCold   . . .      Faith    .   M - +0 buckler
rNeg    . . .      Spirit   .   (body armour currently unavailable)
rPois   +          Reflect  .   (helmet currently unavailable)
rElec   .          Harm     .   (cloak currently unavailable)
rCorr   .          Rampage  .   (gloves currently unavailable)
Will    .....      NoTele   +   (boots currently unavailable)
Stlth   ..........              (no amulet)
HPRegen 0.30/turn               m - ring of wizardry
MPRegen 0.18/turn               F - ring of see invisible

@: tree-form, under a protective aura
A: stationary, stasis, torment immunity, boosted hp, (fangs 1), no stealth,
strong nose, distributed training, (cold resistance 1), mutation resistance 1,
strong 1
a: Renounce Religion


You were on level 2 of the Lair of Beasts.
You worshipped Ru.
Ru was noncommittal.
You were a tree.
You visited 3 branches of the dungeon, and saw 16 of its levels.
You also visited: Ossuary.

You collected 638 gold pieces.
You spent 133 gold pieces at shops.

Inventory:

Hand Weapons
 H - a +5 trident of protection (weapon)
Missiles
 d - 32 poisoned darts
Armour
 q - a +1 cloak (melded)
 M - a +0 buckler (worn)
 N - +0 acid dragon scales (melded)
 P - a +0 pair of gloves (melded)
Jewellery
 j - a +6 ring of strength
 m - a ring of wizardry (left branch)
 F - a ring of see invisible (right branch)
 I - a ring of resist corrosion
Wands
 w - a wand of roots (5)
 y - a wand of paralysis (5)
 z - a wand of flame (37)
 G - a wand of mindburst (12)
Scrolls
 g - 7 scrolls of teleportation
 l - 4 scrolls of identify
 o - 2 scrolls of blinking
 t - 4 scrolls of fear {unknown}
 v - 2 scrolls of amnesia {unknown}
 A - 4 scrolls of poison {unknown}
 B - a scroll of brand weapon {unknown}
 C - a scroll of silence
Potions
 b - 3 potions of magic
 f - 2 potions of flight
 i - a potion of mutation
 k - 3 potions of ambrosia
 n - a potion of might
 p - a potion of haste
 r - 3 potions of heal wounds
 u - 2 potions of cancellation
 x - 4 potions of curing
 D - a potion of lignification
 K - 2 potions of degeneration {unknown}
 O - a potion of brilliance {unknown}
Miscellaneous
 L - a phantom mirror


   Skills:
 + Level 6.6 Fighting
 + Level 6.6 Short Blades
 + Level 6.6 Long Blades
 + Level 6.6 Axes
 + Level 6.6 Maces & Flails
 + Level 6.6 Polearms
 + Level 6.6 Staves
 + Level 6.6 Ranged Weapons
 + Level 6.6 Throwing
 + Level 6.6 Armour
 + Level 8.1 Dodging
   Level 0.0 Stealth
 + Level 6.6 Shields
 + Level 6.6 Unarmed Combat
 + Level 8.4 Spellcasting
 + Level 9.1 Conjurations
 + Level 5.4 Hexes
 + Level 5.4 Summonings
 + Level 5.4 Necromancy
 + Level 5.4 Translocations
 + Level 5.4 Transmutations
 + Level 5.4 Fire Magic
 + Level 5.4 Ice Magic
 + Level 5.4 Air Magic
 + Level 5.4 Earth Magic
 + Level 5.4 Poison Magic
 + Level 7.2 Invocations
 + Level 6.6 Evocations


You had 8 spell levels left.
You knew the following spells:

 Your Spells              Type           Power      Damage    Failure   Level
a - Magic Dart            Conj           100%       1d8       1%          1
b - Searing Ray           Conj           84%        2d7       1%          2
c - Stone Arrow           Conj/Erth      70%        3d11      1%          3
d - Passwall              Tmut/Erth      23%        N/A       1%          2
e - Dazzling Flash        Conj/Hex       70%        N/A       1%          3
f - Call Canine Familiar  Summ           28%        N/A       1%          3
g - Fulminant Prism       Conj/Hex       17%        3d11      2%          4

Your spell library contained the following spells:

 Spells                   Type           Power      Damage    Failure   Level
 Apportation              Tloc           56%        N/A       1%          1
 Necrotise                Necr           100%       1d9       1%          1
 Sandblast                Erth           56%        2d13      1%          1
 Summon Small Mammal      Summ           100%       N/A       1%          1
 Ozocubu's Armour         Ice            28%        N/A       1%          3
 Portal Projectile        Hex/Tloc       56%        N/A       1%          3
 Iskenderun's Mystic Bla  Conj/Tloc      35%        2d8       2%          4
 Leda's Liquefaction      Hex/Erth       14%        N/A       4%          4
 Summon Forest            Summ/Tloc      14%        N/A       13%         5
 Summon Mana Viper        Hex/Summ       28%        N/A       13%         5
 Summon Cactus Giant      Summ           14%        N/A       56%         6
 Ozocubu's Refrigeration  Ice            14%        4d10      98%         7


Dungeon Overview and Level Annotations

Branches:
Dungeon (13/15)            Temple (1/1) D:4            Lair (2/5) D:9
    Orc (0/2) D:9         Ossuary (visited)
  Swamp: Lair:2-3    Shoals: Lair:2-3     Snake: Lair:2-3    Spider: Lair:2-3
 Vaults: D:13-14

Altars:
Ashenzari
Cheibriados
Dithmenos
Elyvilon
Fedhas
Gozag
Hepliaklqana
Kikubaaqudgha
Makhleb
Nemelex Xobeh
Okawaru
Qazlal
Ru
Sif Muna
Trog
Uskayaw
Vehumet
Wu Jian
Xom
Yredelemnul
Zin
The Shining One

Shops:
D:1 :   D:8 *   D:10 *

Annotations:
D:5 2 runed translucent doors, caveywoolpert's ghost, novice TrMo
D:7 2 transporters, exclusion: ice statue, Elsvaer's ghost, novice DECj


Innate Abilities, Weirdness & Mutations

You are a tree.
Your roots penetrate the ground, keeping you stationary.
You cannot be teleported.
You are immune to unholy pain and torment.
Your maximum health is greatly increased.
Your equipment is partially melded.
((You have very sharp teeth.))
You cannot be stealthy.
Your uncanny sense of smell can sniff out nearby items.
Your experience applies equally to all skills.
((Your flesh is cold resistant. (rC+)))
You are somewhat resistant to further mutation.
Your muscles are strong. (Str +4, Int/Dex -1)


Message History

Your blink frog dissolves into shadows!
The wolf bites you.
* * * LOW HITPOINT WARNING * * *
The yak gores you but does no damage.
Your blink frog blinks!
You block the wolf's attack. The elephant tramples your butterfly!
Your butterfly holds its ground!
Your butterfly dies!
Your butterfly disappears in a burst of colours!
You completely miss the yak.
The yak is heavily wounded.
The wolf bites you but does no damage. The yak gores you but does no damage.
The water moccasin bites your butterfly.
Your butterfly dies!
Your butterfly disappears in a burst of colours!
Your blink frog hits the water moccasin!
Your blink frog blinks!
The elephant barely misses your butterfly.
The elephant closely misses your butterfly.
The wolf bites you.
* * * LOW HITPOINT WARNING * * *
You hit the yak.
The yak is severely wounded.
The wolf bites you but does no damage. The yak gores you but does no damage.
The elephant tramples you!
* * * LOW HITPOINT WARNING * * *
The elephant trunk-slaps you.
* * * LOW HITPOINT WARNING * * *
Unknown command.
You hit the yak.
The yak is severely wounded.
The wolf bites you but does no damage. The yak gores you but does no damage.
The wolf bites you but does no damage.
Your blink frog blinks!
You hit the yak.
The yak is severely wounded.
The wolf bites you but does no damage. The yak gores you but does no damage.
The wolf bites you but does no damage. The elephant barely misses you.
The elephant trunk-slaps you.
You die...

#. ## .##P##.
..b .. .....
♣♣ ##+.#b# ♣~~
. #..b..♣♣~~~
...
#..b♣P♣~PP~
....
#bY♣♣~~~~..
#..#SYYhY.....
#...b.Y.Y..~.~
##...b†..♣b~~~
#.#.....♣


~PP #.#.††...♣ ~~ #.P....†.~♣ ~ #.P......#~~~ ♣ #..#.......♣~~ ♣.. You could see
4 elephants, 2 yaks, a water moccasin and a wolf (ally target).

Vanquished Creatures
  3 two-headed ogres
  A troll (D:10)
  A wraith (Ossuary)
  4 yaks (Lair:1)
  2 wyverns
  2 steam dragons
  3 vampire mosquitoes (D:12)
  2 acid dragons
  A water moccasin (Lair:1)
  3 orc warriors
  2 sky beasts (D:7)
  A black bear (D:5)
  9 ice beasts
  An ogre (D:6)
  2 wolves (Lair:2)
  3 centaurs
  2 kobold brigands
  6 bullfrogs
  2 gnoll sergeants (D:8)
  3 necrophages
  6 scorpions
  12 wights
  3 killer bees (D:10)
  6 howler monkeys
  2 jellies
  3 hounds
  Crazy Yiuf (D:6)
  A gnoll bouda (D:4)
  4 orc priests
  5 iguanas
  Natasha (thrice) (D:3)
  Terence (D:3)
  8 orc wizards
  11 gnolls
  3 adders
  2 ufetubi
  3 adder zombies (Ossuary)
  3 worms
  18 orcs
  4 bats
  An endoplasm (D:1)
  2 giant cockroaches
  2 goblins
  2 hobgoblins
  4 jackals (D:5)
  5 quokkas
  A ball python (D:4)
  5 frilled lizards
  14 kobolds
  An orc skeleton (Ossuary)
  3 orc zombies (Ossuary)
  2 rats (D:1)
194 creatures vanquished.

Vanquished Creatures (collateral kills)
  A komodo dragon (D:9)
  5 wolves (Lair:2)
  A bullfrog (Lair:2)
  A wight (D:6)
8 creatures vanquished.

Vanquished Creatures (others)
  15 fulminant prisms
  10 fungi
25 creatures vanquished.

Grand Total: 227 creatures vanquished

Notes
Turn   | Place    | Note
-------+----------+-------------------------------------------
     0 | D:1      | Raikaria the Gnoll Conjurer began the quest for the Orb.
     0 | D:1      | Reached XP level 1. HP: 13/13 MP: 6/6
   146 | D:1      | Found a faded altar of an unknown god.
   194 | D:1      | Reached XP level 2. HP: 19/19 MP: 5/7
   555 | D:1      | Learned a level 2 spell: Searing Ray
   576 | D:1      | Found Imacar's Book Boutique.
  1096 | D:2      | Reached skill level 5 in Spellcasting
  1096 | D:2      | Reached XP level 3. HP: 25/25 MP: 5/9
  1151 | D:2      | Reached skill level 1 in Invocations
  1940 | D:3      | Noticed Natasha
  1944 | D:3      | Killed Natasha
  1945 | D:3      | Reached skill level 1 in Fighting
  1945 | D:3      | Reached skill level 1 in Short Blades
  1945 | D:3      | Reached skill level 1 in Long Blades
  1945 | D:3      | Reached skill level 1 in Axes
  1945 | D:3      | Reached skill level 1 in Maces & Flails
  1945 | D:3      | Reached skill level 1 in Polearms
  1945 | D:3      | Reached skill level 1 in Staves
  1945 | D:3      | Reached skill level 1 in Ranged Weapons
  1945 | D:3      | Reached skill level 1 in Throwing
  1945 | D:3      | Reached skill level 1 in Armour
  1945 | D:3      | Reached skill level 1 in Shields
  1945 | D:3      | Reached skill level 1 in Unarmed Combat
  1945 | D:3      | Reached skill level 1 in Evocations
  1945 | D:3      | Reached XP level 4. HP: 28/32 MP: 4/11
  2103 | D:3      | Noticed Terence
  2113 | D:3      | Killed Terence
  2114 | D:3      | Reached skill level 1 in Hexes
  2114 | D:3      | Reached skill level 1 in Summonings
  2114 | D:3      | Reached skill level 1 in Necromancy
  2114 | D:3      | Reached skill level 1 in Translocations
  2114 | D:3      | Reached skill level 1 in Transmutations
  2114 | D:3      | Reached skill level 1 in Fire Magic
  2114 | D:3      | Reached skill level 1 in Ice Magic
  2114 | D:3      | Reached skill level 1 in Air Magic
  2114 | D:3      | Reached skill level 1 in Earth Magic
  2114 | D:3      | Reached skill level 1 in Poison Magic
  2169 | D:3      | Learned a level 3 spell: Stone Arrow
  2357 | D:4      | Found a staircase to the Ecumenical Temple.
  2367 | Temple   | Entered the Ecumenical Temple
  2465 | Temple   | Became a worshipper of Ru the Awakened
  2573 | D:4      | Learned a level 2 spell: Passwall
  2582 | D:4      | Reached XP level 5. HP: 37/37 MP: 3/12
  2596 | D:4      | Noticed an ice beast
  3117 | D:3      | Noticed Natasha
  3120 | D:3      | Killed Natasha
  3139 | D:3      | Noticed Natasha
  3146 | D:3      | Killed Natasha
  3317 | D:5      | Entered Level 5 of the Dungeon
  3321 | D:5      | Reached XP level 6. HP: 43/44 MP: 8/13
  3502 | D:4      | Reached skill level 5 in Dodging
  4164 | D:4      | Killed an ice beast
  4165 | D:4      | Reached XP level 7. HP: 51/51 MP: 8/15
  4597 | D:5      | Found a runed translucent door.
  4597 | D:5      | Noticed caveywoolpert's ghost (novice TrMo)
  4771 | D:5      | Reached skill level 5 in Stealth
  5117 | D:6      | Reached XP level 8. HP: 58/58 MP: 8/16
  5151 | D:6      | Found a sand-covered staircase.
  5156 | Ossuary  | Entered an ossuary
  5440 | Ossuary  | Noticed a flying skull
  5440 | Ossuary  | Noticed a wraith
  5482 | Ossuary  | Noticed a wraith
  5491 | Ossuary  | Noticed a flying skull
  5606 | Ossuary  | Noticed a wraith
  5608 | Ossuary  | Killed a wraith
  6208 | D:5      | Found a runed translucent door.
  6314 | D:5      | Learned a level 3 spell: Dazzling Flash
  6319 | D:5      | Found a stormy altar of Qazlal.
  6324 | D:5      | Found a shimmering altar of Xom.
  6324 | D:5      | Found an opulent altar of Gozag.
  6331 | D:5      | Found an ancient bone altar of Kikubaaqudgha.
  6334 | D:5      | Found an ornate altar of the Wu Jian Council.
  6568 | D:5      | Learned a level 3 spell: Call Canine Familiar
  6582 | D:5      | Identified the +3 leather armour of Absence {rF- Int+4}
  7114 | D:6      | Found a runed translucent door.
  7115 | D:6      | Noticed Crazy Yiuf
  7121 | D:6      | Killed Crazy Yiuf
  7551 | D:6      | Reached XP level 9. HP: 65/65 MP: 13/18
  7805 | D:6      | Reached skill level 8 in Conjurations
  8320 | D:6      | Reached skill level 5 in Invocations
  9072 | D:7      | Learned a level 4 spell: Fulminant Prism
  9187 | D:7      | Noticed an ice statue
  9187 | D:7      | Noticed a green ugly thing
  9201 | D:7      | Noticed a purple ugly thing
  9205 | D:7      | Noticed Elsvaer's ghost (novice DECj)
  9212 | D:7      | Found a transporter.
  9233 | D:7      | Found a transporter.
  9599 | D:8      | Found Coat's General Store.
  9603 | D:8      | Reached skill level 5 in Fighting
  9603 | D:8      | Reached skill level 5 in Short Blades
  9603 | D:8      | Reached skill level 5 in Long Blades
  9603 | D:8      | Reached skill level 5 in Axes
  9603 | D:8      | Reached skill level 5 in Maces & Flails
  9603 | D:8      | Reached skill level 5 in Polearms
  9603 | D:8      | Reached skill level 5 in Staves
  9603 | D:8      | Reached skill level 5 in Ranged Weapons
  9603 | D:8      | Reached skill level 5 in Throwing
  9603 | D:8      | Reached skill level 5 in Armour
  9603 | D:8      | Reached skill level 5 in Shields
  9603 | D:8      | Reached skill level 5 in Unarmed Combat
  9603 | D:8      | Reached skill level 5 in Evocations
  9603 | D:8      | Reached XP level 10. HP: 74/74 MP: 13/20
  9872 | D:8      | Bought a scroll of identify for 28 gold pieces
  9872 | D:8      | Bought a scroll of enchant weapon for 105 gold pieces
 10404 | D:8      | Gained mutation: Your magical capacity is low. (-10% MP)
                  | [potion of mutation]
 10404 | D:8      | Gained mutation: You are agile. (Dex +4, Str/Int -1)
                  | [potion of mutation]
 10404 | D:8      | Gained mutation: You have a pair of small antennae on your
                  | head. [potion of mutation]
 10405 | D:8      | Lost mutation: You have a pair of small antennae on your
                  | head. [potion of mutation]
 10405 | D:8      | Lost mutation: You are agile. (Dex +4, Str/Int -1) [potion
                  | of mutation]
 10405 | D:8      | Gained mutation: Your flesh is cold resistant. (rC+)
                  | [potion of mutation]
 10405 | D:8      | Gained mutation: You are agile. (Dex +4, Str/Int -1)
                  | [potion of mutation]
 10406 | D:8      | Lost mutation: Your magical capacity is low. (-10% MP)
                  | [potion of mutation]
 10406 | D:8      | Lost mutation: You are agile. (Dex +4, Str/Int -1) [potion
                  | of mutation]
 10406 | D:8      | Gained mutation: Your muscles are strong. (Str +4, Int/Dex
                  | -1) [potion of mutation]
 10406 | D:8      | Gained mutation: You are somewhat resistant to further
                  | mutation. [potion of mutation]
 10788 | D:8      | Noticed a two-headed ogre
 10794 | D:8      | Killed a two-headed ogre
 11810 | D:9      | Noticed a two-headed ogre
 11820 | D:9      | Killed a two-headed ogre
 12242 | D:10     | Entered Level 10 of the Dungeon
 12431 | D:9      | Gained mutation: You cannot be stealthy. [Ru sacrifice]
 12481 | D:9      | Found a staircase to the Orcish Mines.
 12634 | D:9      | Found a staircase to the Lair.
 12639 | Lair:1   | Entered Level 1 of the Lair of Beasts
 12969 | D:9      | Noticed a two-headed ogre
 12973 | D:9      | Killed a two-headed ogre
 12974 | D:9      | Reached skill level 5 in Hexes
 12974 | D:9      | Reached skill level 5 in Summonings
 12974 | D:9      | Reached skill level 5 in Necromancy
 12974 | D:9      | Reached skill level 5 in Translocations
 12974 | D:9      | Reached skill level 5 in Transmutations
 12974 | D:9      | Reached skill level 5 in Fire Magic
 12974 | D:9      | Reached skill level 5 in Ice Magic
 12974 | D:9      | Reached skill level 5 in Air Magic
 12974 | D:9      | Reached skill level 5 in Earth Magic
 12974 | D:9      | Reached skill level 5 in Poison Magic
 12974 | D:9      | Reached XP level 11. HP: 81/81 MP: 15/22
 13370 | D:10     | You fall into a shaft and drop 3 floors!
 13538 | D:10     | Found Nepask's Gadget Gallery.
 14929 | D:10     | Reached skill level 9 in Conjurations
 15416 | Lair:2   | HP: 2/124 [elephant (9)]
 15418 | Lair:2   | Slain by an elephant

Illustrated notes

Levels and vault maps discovered:
D:1:      onia_arrival_mini_maze, layout_loops_ring, serial_shops,
          nicolae_lakefront_shop, shapermc_ecumenical_altar_pompeii
D:2:      layout_loops_cross
D:3:      layout_loops_ring, minmay_ruptured, uniq_natasha, uniq_terence
D:4:      layout_cave_pods, minmay_temple_entry_wispy, minmay_misc_feat_encased
D:5:      layout_layer_cave, minmay_overflow_temple_star_hex,
          ebering_ghost_sewer_f
D:6:      layout_loops_corners, nicolae_ossuary_entry_plus, serial_aquarium,
          aquarium_bridge_square [aquarium_subvault_wall,
          aquarium_subvault_bridge, aquarium_subvault_bridge,
          aquarium_subvault_bridge], aquarium_window_2, aquarium_window_3,
          aquarium_window_fake, aquarium_view_2f, aquarium_balcony_3b,
          aquarium_pool_four, uniq_crazy_yiuf_cottage
D:7:      layout_basic, nzn_ghost_randoct
D:8:      layout_basic, serial_shops, nicolae_shop_advertising_works
          [nicolae_subvault_shop_adworks], kennysheep_generic_room_2
D:9:      hellmonk_crumbling_castle, layout_small_grid, lair_entry_dummy,
          dk_rats_in_the_wall
D:10:     layout_irregular_city, nicolae_shop_gadgets
D:11:     layout_gridville, portal_ice_cave_entry_ice_simulacra
D:12:     layout_loops_corners, uniq_maurice
D:13:     thingy_vault, layout_irregular_city, grunt_vaults_entry_tiered,
          minmay_alternating_orb, uniq_azrael
Temple:   minmay_temple_bridge_d
Lair:1:   layout_gridlike, infiniplex_staircase_pool
Lair:2:   layout_chaotic_city, minmay_shoals_entry_beasts,
          nicolae_spider_entry_non_spiders, serial_bayou_ford_a,
          nicolae_lair_grazing_beasts [nicolae_sub_lair_graze_edge,
          nicolae_sub_lair_graze_edge, nicolae_sub_lair_graze_edge,
          nicolae_sub_lair_graze_edge]

Skill      XL: |  1  2  3  4  5  6  7  8  9 10 11 |
---------------+----------------------------------+-----
Spellcasting   | 5 6 7 8 |  8.4
Invocations    | 1 2 3 4 5 6 7 |  7.2
Fighting       | 1 2 3 5 6 |  6.6
Short Blades   | 1 2 3 5 6 |  6.6
Long Blades    | 1 2 3 5 6 |  6.6
Axes           | 1 2 3 5 6 |  6.6
Maces & Flails | 1 2 3 5 6 |  6.6
Polearms       | 1 2 3 5 6 |  6.6
Staves         | 1 2 3 5 6 |  6.6
Ranged Weapons | 1 2 3 5 6 |  6.6
Throwing       | 1 2 3 5 6 |  6.6
Armour         | 1 2 3 5 6 |  6.6
Shields        | 1 2 3 5 6 |  6.6
Unarmed Combat | 1 2 3 5 6 |  6.6
Evocations     | 1 2 3 5 6 |  6.6
Hexes          | 1 2 3 4 5 |  5.4
Summonings     | 1 2 3 4 5 |  5.4
Necromancy     | 1 2 3 4 5 |  5.4
Translocations | 1 2 3 4 5 |  5.4
Transmutations | 1 2 3 4 5 |  5.4
Fire Magic     | 1 2 3 4 5 |  5.4
Ice Magic      | 1 2 3 4 5 |  5.4
Air Magic      | 1 2 3 4 5 |  5.4
Earth Magic    | 1 2 3 4 5 |  5.4
Poison Magic   | 1 2 3 4 5 |  5.4
Dodging        | 5 6 7 8 |  8.1
Stealth        | 5 6 0 |  0.0
Conjurations   | 8 9 |  9.1

Action                   |  1- 3 |  4- 6 |  7- 9 | 10-12 || total
-------------------------+-------+-------+-------+-------++-------
Melee: Short sword       |     1 |       |       |       ||     1
       Dagger            |       |    17 |     6 |       ||    23
       Bite              |       |     1 |     1 |    11 ||    13
       Punch             |       |     1 |     1 |       ||     2
       Trident           |       |       |     6 |   129 ||   135
 Cast: Magic Dart        |    40 |    38 |    61 |    45 ||   184
       Searing Ray       |     1 |     8 |     8 |     8 ||    25
       Stone Arrow       |       |     9 |    70 |    64 ||   143
       Call Canine Famil |       |       |     3 |     8 ||    11
       Fulminant Prism   |       |       |       |    15 ||    15
       Dazzling Flash    |       |       |       |    11 ||    11
Invok: Reject Sacrifices |       |       |     1 |       ||     1
       Sacrifice Stealth |       |       |       |     1 ||     1
  Use: Scroll            |       |       |     1 |    24 ||    25
       Potion            |       |       |       |     7 ||     7
 Stab: Sleeping          |     1 |       |     1 |       ||     2
       Invisible         |       |       |       |     1 ||     1
Armor: Robe              |     1 |     2 |     4 |    19 ||    26
       Acid dragon scale |       |       |       |    50 ||    50
       Skin              |       |       |       |    34 ||    34
Dodge: Dodged            |     5 |    14 |    23 |   204 ||   246
Block: Buckler           |       |       |       |    55 ||    55
